 Dungeon Crawl Stone Soup version 0.30.0-5-g1a98f26d00 (webtiles) character file.

Game seed: 173882264322189328

19 CoinPitGoblin the Firebug (level 2, -4/19 HPs)
             Began as a Demonspawn Fire Elementalist on May 11, 2023.
             Slain by Sigmund
             ... wielding a +0 scythe
              (12 damage)
             ... on level 2 of the Dungeon.
             The game lasted 00:04:05 (1422 turns).

CoinPitGoblin the Firebug (DsFE)                    Turns: 1422, Time: 00:04:08

Health: -4/19      AC:  3    Str: 11 (14) XL:     2   Next: 55%
Magic:  5/5        EV: 12    Int: 13 (16) God:
Gold:   100        SH:  0    Dex: 10 (13) Spells: 4/5 levels left

rFire   . . .        d - +0 dagger
rCold   . . .        (no shield)
rNeg    . . .        a - +0 robe
rPois   .            (no helmet)
rElec   .            (no cloak)
rCorr   .            (no gloves)
SInv    .            (no boots)
Will    .....        (no amulet)
Stlth   ++           e - +6 ring of strength
HPRegen 0.23/turn    (no ring)
MPRegen 0.09/turn

%: no passive effects
@: no status effects
A: sharp scales 1
a: no special abilities


You were on level 2 of the Dungeon.
You visited 1 branch of the dungeon, and saw 2 of its levels.

You collected 100 gold pieces.

Inventory:

Hand Weapons
 d - a +0 dagger (weapon)
Armour
 a - a +0 robe (worn)
Jewellery
 e - a +6 ring of strength (left hand)
Potions
 b - a potion of magic
 c - a potion of berserk rage
 f - a potion of flight


   Skills:
 + Level 2.1 Dodging
 - Level 1.7 Stealth
 + Level 2.3 Spellcasting
 - Level 1.0 Conjurations
 * Level 1.2 Hexes
 - Level 2.6 Fire Magic


You had 4 spell levels left.
You knew the following spells:

 Your Spells              Type           Power      Damage    Failure   Level
a - Foxfire               Conj/Fire      24%        2x1d5     12%         1

Your spell library contained the following spells:

 Spells                   Type           Power      Damage    Failure   Level
 Scorch                   Fire           16%        2d6       12%         2
 Inner Flame              Hex/Fire       6%         N/A       32%         3
 Volatile Blastmotes      Fire/Tloc      10%        2d10      38%         3
 Flame Wave               Conj/Fire      6%         2d5       75%         4


Dungeon Overview and Level Annotations

Branches:
Dungeon (2/15)

Altars:

Annotations:
D:2 Natasha, Sigmund


Innate Abilities, Weirdness & Mutations

You are partially covered in razor-sharp scales. (AC +1, Slay +1)


Message History

Your foxfire dissipates!
Things that are here:
a +0 dagger; a goblin corpse
There is a stone staircase leading down here.
A bat comes into view.
You conjure some foxfire!
You conjure some foxfire!
The foxfire hits the bat.
You kill the bat!
You conjure some foxfire!
Your foxfire dissipates!
Your foxfire dissipates! x3
Sigmund is nearby!
Really read the scroll of poison?
You can't even see any enemies this would affect.
The air fills with toxic fumes!
As you read the scroll of poison, it crumbles to dust.
Sigmund points at you and mumbles some strange words.
You are confused.
Sigmund gestures at you while chanting.
You are more confused.
Sigmund gestures at you while chanting.
You are more confused.
Sigmund gestures at you while chanting.
You are more confused.
You're too confused to cast spells.
Unknown command.
Sigmund points at you and mumbles some strange words.
The puff of flame hits you. Sigmund closely misses you.
Sigmund hits you from afar with a +0 scythe!
You are too injured to fight recklessly!
It was a potion of degeneration.
There was something very wrong with that liquid.
You feel weakened.
You feel dopey.
You feel clumsy.
It was a potion of cancellation.
Your magical effects are unravelling.
You feel magically purged.
You feel less confused.
Sigmund hits you from afar with a +0 scythe!
Ouch! That really hurt!
You die...

##...## #.#...........# #
#.....#####.............#
#
...<.@................###
#
#..ยง..#########.......#
# ##...#.............>..#
##.## ########..####.#
#.# #..# #.# #.. #..# #.#
### #.@# #.# #####..# #.#
#.....@# .# #.####.# #.#
#.# #. ###.####.# #..
..@......# #.######.#...#


You could see Sigmund.

Vanquished Creatures
  4 bats
  3 endoplasms
  2 hobgoblins (D:1)
  A quokka (D:2)
  3 ball pythons (D:1)
  2 goblins
  A rat (D:1)
16 creatures vanquished.

Vanquished Creatures (others)
  96 foxfires
96 creatures vanquished.

Grand Total: 112 creatures vanquished

Notes
Turn   | Place    | Note
-------+----------+-------------------------------------------
     0 | D:1      | CoinPitGoblin the Demonspawn Fire Elementalist began the
                  | quest for the Orb.
     0 | D:1      | Reached XP level 1. HP: 13/13 MP: 3/3
   468 | D:1      | Reached skill level 1 in Hexes
   468 | D:1      | Gained mutation: You are partially covered in razor-sharp
                  | scales. (AC +1, Slay +1) [demonic ancestry]
   468 | D:1      | Reached XP level 2. HP: 19/19 MP: 0/5
   964 | D:2      | Noticed Sigmund
  1147 | D:2      | Noticed Natasha
  1422 | D:2      | Slain by Sigmund

Illustrated notes

Levels and vault maps discovered:
D:1:      dpeg_arrival_shrine, layout_rooms
D:2:      layout_loops_ring, uniq_sigmund, uniq_natasha

Skill      XL: |  1 |
---------------+----+-----
Dodging        | 2 |  2.1
Hexes          | 1 |  1.2
Stealth        | |  1.7
Spellcasting   | |  2.3
Conjurations   | |  1.0
Fire Magic     | |  2.6

Action                     || total
---------------------------++-------
  Melee: Unarmed           ||     3
   Cast: Foxfire           ||    55
    Use: Scroll            ||     7
         Potion            ||     2
 Armour: Robe              ||     6
  Dodge: Dodged            ||    18
